HBL
PORTLAND STAG @ NAPERVILLE LAZY FISHERMAN
04/02/1997
 
TOP OF THE 1ST
Portland Stag batting - Pitching for Naperville Lazy Fisherman : RHP Garrett Stephenson
Pitching: RHP Garrett Stephenson
Batting: RHB Fernando Tatis 0-0: Called Strike
0-1: Ground out 4-3 (Groundball, 4, EV 88.8 MPH)
Batting: RHB Wes Chamberlain 0-0: Swinging Strike
0-1: Fly out, F7 (Flyball, 7D, EV 80.6 MPH)
Batting: RHB Jeff Kunkel 0-0: Fly out, F9 (Flyball, 9, EV 86.3 MPH)
Top of the 1st over - 0 runs, 0 hits, 0 errors, 0 left on base; Portland 0 - Naperville 0
BOTTOM OF THE 1ST
Naperville Lazy Fisherman batting - Pitching for Portland Stag : RHP Omar Olivares
Pitching: RHP Omar Olivares
Batting: RHB Pokey Reese 0-0: Ball
1-0: Fly out, F7 (Flyball, 78M, EV 88.1 MPH)
Batting: SHB Felipe Crespo 0-0: Ball
1-0: Called Strike
1-1: SINGLE (Line Drive, 4M, EV 94.4 MPH)
Batting: RHB Jeffrey Hammonds 0-0: Called Strike
0-1: Fly out, F9 (Flyball, 9, EV 90.0 MPH)
Batting: LHB Matt Luke 0-0: Ball
1-0: Ball
2-0: Ball
3-0: Base on Balls
Felipe Crespo to second
Batting: RHB David Bell 0-0: Ball
1-0: Fly out, F8 (Line Drive, 8LD, EV 92.5 MPH)
Bottom of the 1st over - 0 runs, 1 hit, 0 errors, 2 left on base; Portland 0 - Naperville 0
TOP OF THE 2ND
Portland Stag batting - Pitching for Naperville Lazy Fisherman : RHP Garrett Stephenson
Batting: LHB Mark P Johnson 0-0: Called Strike
0-1: Ball
1-1: Foul Ball, location: 2F
1-2: Foul Ball, location: 2F
1-2: Foul Ball, location: 2F
1-2: Strikes out swinging
Batting: RHB Mike Macfarlane 0-0: Ball
1-0: Called Strike
1-1: Fly out, F5 (Popup, 5SF, EV 72.5 MPH)
Batting: RHB Mike Mordecai 0-0: Ball
1-0: Ball
2-0: Foul Ball, location: 2F
2-1: SINGLE (Line Drive, 6MD, EV 97.5 MPH)
Batting: RHB Chris Widger 0-0: Ball
1-0: SINGLE (Flyball, 7LS, EV 97.5 MPH)
Mike Mordecai to second
Batting: RHB Alex S Gonzalez 0-0: Ball
1-0: Ball
2-0: Fly out, F9 (Flyball, 89D, EV 81.9 MPH)
Top of the 2nd over - 0 runs, 2 hits, 0 errors, 2 left on base; Portland 0 - Naperville 0
BOTTOM OF THE 2ND
Naperville Lazy Fisherman batting - Pitching for Portland Stag : RHP Omar Olivares
Batting: RHB Craig Worthington 0-0: Called Strike
0-1: Swinging Strike
0-2: Ball
1-2: Fly out, F9 (Flyball, 9, EV 83.8 MPH)
Batting: SHB Denny Hocking 0-0: Called Strike
0-1: Ball
1-1: Foul Ball, location: 2F
1-2: Foul Ball, location: 2F
1-2: Ball
2-2: Ball
3-2: Foul Ball, location: 2F
3-2: Foul Ball, location: 2F
3-2: Fly out, F8 (Flyball, 89M, EV 88.8 MPH)
Batting: RHB Gary Bennett 0-0: Fly out, F8 (Flyball, 89M, EV 90.0 MPH)
Bottom of the 2nd over - 0 runs, 0 hits, 0 errors, 0 left on base; Portland 0 - Naperville 0
TOP OF THE 3RD
Portland Stag batting - Pitching for Naperville Lazy Fisherman : RHP Garrett Stephenson
Batting: LHB Yoshinobu Takahashi 0-0: Ball
1-0: Ball
2-0: Ball
3-0: Called Strike
3-1: Fly out, F7 (Line Drive, 7, EV 97.5 MPH)
Batting: RHB Fernando Tatis 0-0: Swinging Strike
0-1: Ball
1-1: Ball
2-1: Foul Ball, location: 2F
2-2: Foul Ball, location: 2F
2-2: Foul Ball, location: 2F
2-2: Ground out 4-3 (Groundball, 4M, EV 103.1 MPH)
Batting: RHB Wes Chamberlain 0-0: Foul Ball, location: 2F
0-1: Ball
1-1: Ball
2-1: Ball
3-1: Foul Ball, location: 2F
3-2: Fly out, F7 (Flyball, 78D, EV 94.4 MPH)
Top of the 3rd over - 0 runs, 0 hits, 0 errors, 0 left on base; Portland 0 - Naperville 0
BOTTOM OF THE 3RD
Naperville Lazy Fisherman batting - Pitching for Portland Stag : RHP Omar Olivares
Batting: LHB Dan Peltier 0-0: Ball
1-0: Foul Ball, location: 2F
1-1: Ball
2-1: Foul Ball, location: 2F
2-2: Foul Ball, location: 2F
2-2: Fly out, F8 (Line Drive, 8RM, EV 88.1 MPH)
Batting: RHB Pokey Reese 0-0: Called Strike
0-1: Ball
1-1: Ground out 5-3 (Groundball, 56, EV 98.1 MPH)
Batting: SHB Felipe Crespo 0-0: Called Strike
0-1: Ball
1-1: Ground out 4-3 (Groundball, 4, EV 91.9 MPH)
Bottom of the 3rd over - 0 runs, 0 hits, 0 errors, 0 left on base; Portland 0 - Naperville 0
TOP OF THE 4TH
Portland Stag batting - Pitching for Naperville Lazy Fisherman : RHP Garrett Stephenson
Batting: RHB Jeff Kunkel 0-0: Ball
1-0: Called Strike
1-1: Ball
2-1: Called Strike
2-2: Foul Ball, location: 2F
2-2: Ball
3-2: Fly out, F9 (Flyball, 9LSF, EV 78.8 MPH)
Batting: LHB Mark P Johnson 0-0: Fly out, F9 (Flyball, 9D, EV 107.5 MPH)
Batting: RHB Mike Macfarlane 0-0: Ball
1-0: Ball
2-0: Foul Ball, location: 2F
2-1: Ball
3-1: Foul Ball, location: 2F
3-2: SINGLE (Groundball, 6D, EV 95.0 MPH)
Batting: RHB Mike Mordecai 0-0: Called Strike
0-1: Ball
1-1: Ball
2-1: Foul Ball, location: 2F
2-2: Fly out, F7 (Flyball, 78S, EV 93.1 MPH)
Top of the 4th over - 0 runs, 1 hit, 0 errors, 1 left on base; Portland 0 - Naperville 0
BOTTOM OF THE 4TH
Naperville Lazy Fisherman batting - Pitching for Portland Stag : RHP Omar Olivares
Batting: RHB Jeffrey Hammonds 0-0: Called Strike
0-1: Foul Ball, location: 2F
0-2: Foul Ball, location: 2F
0-2: Foul Ball, location: 2F
0-2: Ball
1-2: Ball
2-2: Ball
3-2: SINGLE (Line Drive, 7LM, EV 101.3 MPH)
Batting: LHB Matt Luke 0-0: Called Strike
0-1: SINGLE (Groundball, 4MD, EV 95.0 MPH)
Jeffrey Hammonds to second
Batting: RHB David Bell 0-0: Ball
1-0: Called Strike
1-1: Swinging Strike
1-2: SINGLE (Line Drive, 7S, EV 100.0 MPH)
Jeffrey Hammonds to third
Matt Luke to second
Runner from 3rd tries for Home, SAFE, throw by LF to home
Batting: RHB Craig Worthington 0-0: Foul Ball, location: 2F
0-1: Foul Ball, location: 2F
0-2: Ball
1-2: Ball
2-2: Ball
3-2: SINGLE (Groundball, 6MD, EV 96.3 MPH)
Matt Luke to third
David Bell to second
Runner from 3rd tries for Home, SAFE, throw by CF to home
Batting: SHB Denny Hocking 0-0: Grounds into double play, 6-4-3 (Groundball, 6, EV 100.0 MPH)
David Bell to third
Batting: RHB Gary Bennett 0-0: Ball
1-0: Ground out 6-3 (Groundball, 6, EV 86.9 MPH)
Bottom of the 4th over - 2 runs, 4 hits, 0 errors, 1 left on base; Portland 0 - Naperville 2
TOP OF THE 5TH
Portland Stag batting - Pitching for Naperville Lazy Fisherman : RHP Garrett Stephenson
Batting: RHB Chris Widger 0-0: Fly out, F8 (Flyball, 8RD, EV 84.4 MPH)
Batting: RHB Alex S Gonzalez 0-0: Ball
1-0: Ball
2-0: Foul Ball, location: 2F
2-1: Fly out, F8 (Line Drive, 8RD, EV 92.5 MPH)
Batting: LHB Yoshinobu Takahashi 0-0: Ball
1-0: Called Strike
1-1: Fly out, F9 (Flyball, 9D, EV 97.5 MPH)
Top of the 5th over - 0 runs, 0 hits, 0 errors, 0 left on base; Portland 0 - Naperville 2
BOTTOM OF THE 5TH
Naperville Lazy Fisherman batting - Pitching for Portland Stag : RHP Omar Olivares
Batting: LHB Dan Peltier 0-0: DOUBLE (Flyball, 89D, EV 98.8 MPH)
Batting: RHB Pokey Reese 0-0: Foul Ball, location: 2F
0-1: Ball
1-1: Ball
2-1: Ball
3-1: Fly out, F4 (Popup, 4, EV 61.3 MPH)
Batting: SHB Felipe Crespo 0-0: Foul Ball, location: 2F
0-1: Ball
1-1: Fly out, F7 (Flyball, 7, EV 75.6 MPH)
Batting: RHB Jeffrey Hammonds 0-0: Called Strike
0-1: Called Strike
0-2: Foul Ball, location: 2F
0-2: Foul Ball, location: 2F
0-2: Ball
1-2: Ball
2-2: Foul Ball, location: 2F
2-2: Foul Ball, location: 2F
2-2: Ball
3-2: Strikes out swinging
Bottom of the 5th over - 0 runs, 1 hit, 0 errors, 1 left on base; Portland 0 - Naperville 2
TOP OF THE 6TH
Portland Stag batting - Pitching for Naperville Lazy Fisherman : RHP Garrett Stephenson
Batting: RHB Fernando Tatis 0-0: Fly out, F9 (Flyball, 9D, EV 104.4 MPH)
Batting: RHB Wes Chamberlain 0-0: Ball
1-0: Swinging Strike
1-1: Ball
2-1: Called Strike
2-2: Strikes out swinging
Batting: RHB Jeff Kunkel 0-0: Swinging Strike
0-1: SINGLE (Line Drive, 34D, EV 100.6 MPH)
Batting: LHB Mark P Johnson 0-0: Called Strike
0-1: Ball
1-1: Swinging Strike
1-2: 2-RUN HOME RUN (Flyball, 9LD, EV 106.3 MPH), Distance : 339 ft
Batting: RHB Mike Macfarlane 0-0: Swinging Strike
0-1: Foul Ball, location: 2F
0-2: Foul Ball, location: 2F
0-2: Strikes out swinging
Top of the 6th over - 2 runs, 2 hits, 0 errors, 0 left on base; Portland 2 - Naperville 2
BOTTOM OF THE 6TH
Naperville Lazy Fisherman batting - Pitching for Portland Stag : RHP Omar Olivares
Batting: LHB Matt Luke 0-0: Ball
1-0: Fly out, F8 (Flyball, 8LS, EV 86.3 MPH)
Batting: RHB David Bell 0-0: Called Strike
0-1: Ball
1-1: Ball
2-1: Ground out 4-3 (Groundball, 4, EV 96.3 MPH)
Batting: RHB Craig Worthington 0-0: Ball
1-0: Called Strike
1-1: Ball
2-1: Foul Ball, location: 2F
2-2: Foul Ball, location: 2F
2-2: Ball
3-2: Foul Ball, location: 2F
3-2: Foul Ball, location: 2F
3-2: Fly out, F7 (Flyball, 7S, EV 85.0 MPH)
Bottom of the 6th over - 0 runs, 0 hits, 0 errors, 0 left on base; Portland 2 - Naperville 2
TOP OF THE 7TH
Portland Stag batting - Pitching for Naperville Lazy Fisherman : RHP Garrett Stephenson
Batting: RHB Mike Mordecai 0-0: SINGLE (Groundball, 6MD, EV 95.6 MPH)
Batting: RHB Chris Widger 0-0: DOUBLE (Groundball, 5L, EV 98.8 MPH)
Mike Mordecai to third
Runner from 3rd tries for Home, SAFE, no throw by LF
Batting: RHB Alex S Gonzalez 0-0: Intentional Walk
Batting: LHB Yoshinobu Takahashi 0-0: Fly out, F7 (Line Drive, 7, EV 96.3 MPH)
Batting: RHB Fernando Tatis 0-0: Swinging Strike
0-1: Fielders Choice at 2nd, 3-6 (Groundball, 3S, EV 84.4 MPH)
Chris Widger to third
Batting: RHB Wes Chamberlain 0-0: Called Strike
0-1: Ball
1-1: Ground out 4-3 (Groundball, 4S, EV 92.5 MPH)
Top of the 7th over - 1 run, 2 hits, 0 errors, 2 left on base; Portland 3 - Naperville 2
BOTTOM OF THE 7TH
Naperville Lazy Fisherman batting - Pitching for Portland Stag : RHP Omar Olivares
Batting: SHB Denny Hocking 0-0: Ball
1-0: Called Strike
1-1: Ball
2-1: Foul Ball, location: 2F
2-2: Ground out 4-3 (Groundball, 4, EV 85.6 MPH)
Batting: RHB Gary Bennett 0-0: Ball
1-0: Foul Ball, location: 2F
1-1: Ball
2-1: Foul Ball, location: 2F
2-2: Foul Ball, location: 2F
2-2: Ball
3-2: Fly out, F9 (Flyball, 9LS, EV 88.8 MPH)
Batting: LHB Dan Peltier 0-0: Ball
1-0: Ball
2-0: Ball
3-0: Base on Balls
Batting: RHB Pokey Reese 0-0: Fielders Choice at 2nd, 6-4 (Groundball, 6, EV 100.0 MPH)
Bottom of the 7th over - 0 runs, 0 hits, 0 errors, 1 left on base; Portland 3 - Naperville 2
TOP OF THE 8TH
Portland Stag batting - Pitching for Naperville Lazy Fisherman : RHP Garrett Stephenson
Batting: RHB Jeff Kunkel 0-0: Ball
1-0: Foul Ball, location: 2F
1-1: Ball
2-1: Ball
3-1: Fly out, F9 (Flyball, 9, EV 85.0 MPH)
Batting: LHB Mark P Johnson 0-0: Called Strike
0-1: Ball
1-1: Called Strike
1-2: Ball
2-2: Strikes out swinging
Batting: RHB Mike Macfarlane 0-0: Called Strike
0-1: Ball
1-1: DOUBLE (Line Drive, 89XD, EV 113.1 MPH)
Batting: RHB Mike Mordecai 0-0: Foul Ball, location: 2F
0-1: Swinging Strike
0-2: Ball
1-2: Strikes out swinging
Top of the 8th over - 0 runs, 1 hit, 0 errors, 1 left on base; Portland 3 - Naperville 2
BOTTOM OF THE 8TH
Naperville Lazy Fisherman batting - Pitching for Portland Stag : RHP Omar Olivares
Batting: SHB Felipe Crespo 0-0: Ball
1-0: Swinging Strike
1-1: Fly out, F8 (Flyball, 8RD, EV 108.8 MPH)
Batting: RHB Jeffrey Hammonds 0-0: Ball
1-0: Ball
2-0: Fly out, F3 (Popup, 3F, EV 66.3 MPH)
Batting: LHB Matt Luke 0-0: Foul Ball, location: 2F
0-1: Ball
1-1: Ball
2-1: Ball
3-1: Base on Balls
Batting: RHB David Bell 0-0: Ball
1-0: Ball
2-0: Fielders Choice at 2nd, 6-4 (Groundball, 6, EV 91.9 MPH)
Bottom of the 8th over - 0 runs, 0 hits, 0 errors, 1 left on base; Portland 3 - Naperville 2
TOP OF THE 9TH
Portland Stag batting - Pitching for Naperville Lazy Fisherman : RHP Garrett Stephenson
Batting: RHB Chris Widger 0-0: Called Strike
0-1: Ground out 1-3 (Groundball, 34S, EV 92.5 MPH)
Batting: RHB Alex S Gonzalez 0-0: Ball
1-0: Foul Ball, location: 2F
1-1: Foul Ball, location: 2F
1-2: Strikes out swinging, 2-3 out at first.
Batting: LHB Yoshinobu Takahashi 0-0: DOUBLE (Groundball, 3L, EV 99.4 MPH)
Batting: RHB Fernando Tatis 0-0: Called Strike
0-1: Ball
1-1: Fly out, F7 (Flyball, 7S, EV 81.3 MPH)
Top of the 9th over - 0 runs, 1 hit, 0 errors, 1 left on base; Portland 3 - Naperville 2
BOTTOM OF THE 9TH
Naperville Lazy Fisherman batting - Pitching for Portland Stag : RHP Omar Olivares
Pitching: RHP Kerry Ligtenberg
Now at 2B: Jose Vizcaino
Now at 3B: Josh Booty
Now in RF: Hiroshi Shibahara
Batting: RHB Craig Worthington 0-0: Ball
1-0: Ball
2-0: Ball
3-0: Called Strike
3-1: SINGLE (Groundball, 56D, EV 104.4 MPH)
Batting: SHB Denny Hocking 0-0: Sac Bunt to 13 - play at first, batter OUT! 1-3
Craig Worthington to second
Batting: RHB Gary Bennett 0-0: Called Strike
0-1: Fly out, F8 (Flyball, 8LM, EV 86.9 MPH)
Batting: LHB Dan Peltier 0-0: Foul Ball, location: 2F
0-1: Fly out, F4 (Flyball, 4D, EV 90.6 MPH)
Bottom of the 9th over - 0 runs, 1 hit, 0 errors, 1 left on base; Portland 3 - Naperville 2
Wednesday, January 21st, 2026 - OOTP Baseball 20.8 Build 74